 Dungeon Crawl Stone Soup version 0.28-a0-793-g31680bbd8b (webtiles) character file.

Game seed: 6295631395968508765

51 elagabalus the Chopper (level 3, 28/33 HPs)
             Began as a Hill Orc Berserker on Oct 31, 2021.
             Was a Believer of Trog.
             Quit the game on level 2 of the Dungeon on Nov 3, 2021.
             The game lasted 00:07:50 (899 turns).

elagabalus the Chopper (Hill Orc Berserker)          Turns: 899, Time: 00:07:51

Health: 28/33      AC:  9    Str: 20    XL:     3   Next: 81%
Magic:  3/3        EV:  8    Int:  7    God:    Trog [**....]
Gold:   45         SH:  0    Dex: 10    Spells: 2/2 levels left

rFire   . . .      SeeInvis .   a - +0 hand axe
rCold   . . .      Faith    .   (no shield)
rNeg    . . .      Spirit   .   g - +1 chain mail
rPois   .          Reflect  .   (no helmet)
rElec   .          Harm     .   (no cloak)
rCorr   .          Rampage  .   (no gloves)
Will    .....                   (no boots)
Stlth   ..........              (no amulet)
HPRegen 0.11/turn               (no ring)
MPRegen 0.08/turn               (no ring)

@: on berserk cooldown, slowed, very slow
A: no striking features
a: Renounce Religion, Berserk, Trog's Hand


You were on level 2 of the Dungeon.
You worshipped Trog.
Trog was pleased with you.
You visited 1 branch of the dungeon, and saw 2 of its levels.

You collected 45 gold pieces.

Inventory:

Hand Weapons
 a - a +0 hand axe (weapon)
Armour
 g - a +1 chain mail (worn)
Potions
 b - a potion of mutation {unknown}
 d - a potion of degeneration {unknown}
 e - a potion of might {unknown}


   Skills:
 - Level 4.0 Fighting
 * Level 5.5 Axes
 - Level 2.1 Armour
 - Level 2.0 Dodging


You had 2 spell levels left.
You didn't know any spells.
Your spell library was empty.

Dungeon Overview and Level Annotations

Branches:
Dungeon (2/15)

Altars:


Message History

The endoplasm quivers.
The hobgoblin shouts!
You hit the goblin.
The goblin is severely wounded.
A red film seems to cover your vision as you go berserk!
You feel yourself moving faster!
You feel mighty! The goblin hits you with a +0 club.
You slash the goblin!
You kill the goblin!
Trog accepts your kill. The endoplasm freezes you.
You are frozen.
You see here a +0 club.
You slash the endoplasm!
You feel the power of Trog in you as your rage grows.
You kill the endoplasm!
Trog accepts your kill.
You completely miss the hobgoblin. The hobgoblin barely misses you.
You closely miss the kobold. You closely miss the hobgoblin.
The hobgoblin hits you but does no damage.
The kobold closely misses you.
You hit the kobold.
You kill the kobold!
Trog accepts your kill.
You can now call upon Trog for regeneration and willpower.
You hit the hobgoblin. The hobgoblin barely misses you.
You closely miss the hobgoblin.
The hobgoblin is heavily wounded.
You slash the hobgoblin!
You kill the hobgoblin!
Trog accepts your kill.
You feel a strong urge to attack something.
You feel your anger nearly subside.
You are no longer berserk.
You are exhausted.
You feel yourself slow down.
b - a blue potion Welcome back, elagabalus the Hill Orc Berserker.
Trog says: Kill them all!
Press ? for a list of commands and other information.
Are you sure you want to abandon this character and quit the game? (Confirm with "yes".)

. #..# ##.##..#
#..##..#..#
#......#..#
#..#...#..#
#......#..####
#... #.#......
#..###...######
#.@....(.......
#.####...#####
#.####.).#
#........#
########.# #.##
#..# #..##
#############
#...#


There were no monsters in sight!

Vanquished Creatures
  A gnoll (D:1)
  An adder (D:2)
  A dart slug (D:1)
  4 ball pythons (D:1)
  5 endoplasms
  2 goblins
  3 hobgoblins
  A quokka (D:2)
  5 bats (D:1)
  A frilled lizard (D:1)
  3 kobolds
27 creatures vanquished.

Vanquished Creatures (others)
  5 demonic plants (D:1)
  A fungus (D:1)
  4 withered plants (D:1)
10 creatures vanquished.

Grand Total: 37 creatures vanquished

Notes
Turn   | Place    | Note
-------+----------+-------------------------------------------
     0 | D:1      | elagabalus the Hill Orc Berserker began the quest for the
                  | Orb.
     0 | D:1      | Reached XP level 1. HP: 19/19 MP: 1/1
   233 | D:1      | Reached XP level 2. HP: 22/27 MP: 2/2
   416 | D:1      | Found a faded altar of an unknown god.
   594 | D:1      | Reached XP level 3. HP: 33/33 MP: 3/3
   812 | D:2      | Reached skill level 5 in Axes
   881 | D:2      | Reached ** piety under Trog
   899 | D:2      | Upgraded the game from 0.28-a0-769-g550dbda0cd to
                  | 0.28-a0-793-g31680bbd8b
   899 | D:2      | Quit the game

Illustrated notes

Levels and vault maps discovered:
D:1:      lightli_arrival_lavapool, layout_rooms, shapermc_ecumenical_altar_gd
D:2:      layout_basic, st_stairs_12, kennysheep_generic_room_14

Skill      XL: |  1  2  3 |
---------------+----------+-----
Fighting       | 4 |  4.0
Dodging        | 2 |  2.0
Axes           | 5 |  5.5
Armour         | |  2.1

Action                   || total
-------------------------++-------
Melee: Hand axe          ||    82
Invok: Berserk           ||     5
  Use: Scroll            ||     2
Armor: Animal skin       ||    13
       Chain mail        ||    10
Dodge: Dodged            ||    65

Table legend: (Time is in decaauts)
 A = Elapsed time spent in this place.
 B = Non-inter-level travel time spent in this place.
 C = Inter-level travel time spent in this place.
 D = Time resting spent in this place.
 E = Time spent auto-exploring this place.
 F = Levels seen in this place.
 G = Mean time per level.
                   A        B        C        D        E       F      G
               +--------+--------+--------+--------+--------+-----+--------+
         Total |    945 |    474 |    471 |      0 |      0 |   2 |  472.5 |
       Dungeon |    945 |    474 |    471 |      0 |      0 |   2 |  472.5 |
               +--------+--------+--------+--------+--------+-----+--------+

Top non-repeatable levels by time:
     D:1: 841 daAuts
     D:2: 104 daAuts
